 Dungeon Crawl Stone Soup version bcrawl-1.41 (webtiles) character file.

Game seed: 13526318030915157804

165574 PlayerOfArmor the Chopper (level 4, 0/39 HPs)
             Began as a Minotaur Fighter on Apr 3, 2024.
             Slain by a sky beast (3 damage)
             ... on level 3 of the Dungeon.
             The game lasted 00:03:20 (1786 turns).

PlayerOfArmor the Chopper (Minotaur Fighter)        Turns: 1786, Time: 00:03:20

Health: 0/39       AC:  6    Str: 21    XL:     4   Next: 92%
Magic:  3/3        EV:  5    Int:  5    God:
Gold:   135        SH:  9    Dex: 10    Spells: 3/3 levels left

rFire    . . .     GDR:     25% a - +0 war axe
rCold    . . .     SeeInvis .   c - +0 medium shield
rNeg     . . .     Gourm    .   b - +0 scale mail
rPois    .         Faith    .   (helmet restricted)
rElec    .         Spirit   .   (no cloak)
rCorr    .         Reflect  .   (no gloves)
MR       .....                  (no boots)
Stlth    ..........             (no amulet)
HPRegen  0.16/turn              (no ring)
MPRegen  0.08/turn              (no ring)

@: no status effects
A: retaliatory headbutt, horns 2
a: no special abilities


You were on level 3 of the Dungeon.
You were hungry.

You visited 1 branch of the dungeon, and saw 3 of its levels.

You collected 135 gold pieces.

Inventory:

Hand Weapons
 a - a +0 war axe (weapon)
Armour
 b - a +0 scale mail (worn)
 c - a +0 medium shield (worn)
Jewellery
 g - an uncursed amulet of guardian spirit {unknown}
 j - an uncursed ring of see invisible {unknown}
Scrolls
 h - 4 scrolls of fear {unknown}
 i - 2 scrolls of identify
 k - a scroll of teleportation {unknown}
 l - a scroll of amnesia {unknown}
 m - a scroll of fog {unknown}
Potions
 d - a potion of might
 f - a potion of invisibility {unknown}
 n - 2 potions of haste {unknown}
 p - 2 potions of magic {unknown}
 q - 2 potions of curing {unknown}
 r - a potion of resistance {unknown}
Comestibles
 e - 5 rations {!d}


   Skills:
 - Level 3.6 Fighting
 + Level 6.2 Axes
 - Level 3.6 Armour
 - Level 3.6 Shields


You had 3 spell levels left.
You didn't know any spells.
Your spell library was empty.

Dungeon Overview and Level Annotations

Branches:
Dungeon (3/12)

Altars:
Yredelemnul

Annotations:
D:2 1 runed door


Innate Abilities, Weirdness & Mutations

You reflexively headbutt those who attack you in melee.
You have a pair of horns on your head.


Message History

The sky beast barely misses you.
You hit the sky beast but do no damage.
The sky beast is heavily wounded.
You block the sky beast's attack.
You closely miss the sky beast.
The sky beast is heavily wounded.
The sky beast hits you but does no damage.
You closely miss the sky beast. You headbutt the sky beast!
The sky beast is severely wounded.
The sky beast hits you.
* * * LOW HITPOINT WARNING * * *
The sky beast shocks you.
* * * LOW HITPOINT WARNING * * *
The sky beast flickers out of sight!
Deactivating autopickup; reactivate with Ctrl-A.
Something hits you but does no damage.
You miss something. Something hits you but does no damage.
You closely miss something. Something hits you but does no damage.
You miss something. Something hits you.
You die...

...# #.##........#
...#####.##........######..
.............).............
######.#...........#####...
######.#.#.###........##..
..##........##....).......
..##....###...........##.#
..##..#.# #.#...[......#
..#.†)..#.#.....@......#
....#.........#{.......#
..l....##.##.....#######
...###.#...#.###...... .#.#
....$....)#.#.###
..Y###.#...#.###...#
#......##.##.....###
#.#.#.........#..#
#.#.....#.#......#


There were no monsters in sight!

Vanquished Creatures
  A human zombie (D:2)
  Robin (D:2)
  An adder (D:3)
  An adder zombie (D:3)
  4 worms
  4 dart slugs
  3 leopard geckos
  3 orcs
  3 bats
  4 giant cockroaches
  7 hobgoblins
  6 kobolds
  A ball python (D:1)
  A frilled lizard (D:2)
  10 goblins
  4 rats
54 creatures vanquished.

Notes
Turn   | Place    | Note
-------+----------+-------------------------------------------
     0 | D:1      | PlayerOfArmor the Minotaur Fighter began the quest for the
                  | Orb.
     0 | D:1      | Reached XP level 1. HP: 19/19 MP: 0/0
    97 | D:1      | Reached skill level 3 in Axes
   139 | D:1      | Reached XP level 2. HP: 26/26 MP: 1/1
   553 | D:2      | Reached skill level 4 in Axes
   600 | D:2      | Reached XP level 3. HP: 23/31 MP: 2/2
   991 | D:2      | Found a runed door.
   991 | D:2      | Noticed a human
   994 | D:2      | Found a basalt altar of Yredelemnul.
  1006 | D:2      | Reached skill level 5 in Axes
  1006 | D:2      | Reached XP level 4. HP: 36/39 MP: 3/3
  1204 | D:2      | Noticed Robin
  1217 | D:2      | Killed Robin
  1516 | D:3      | Reached skill level 6 in Axes
  1618 | D:3      | Noticed a sky beast
  1786 | D:3      | Slain by a sky beast

Skill      XL: |  1  2  3  4 |
---------------+-------------+-----
Axes           | 3 4 5 6 |  6.2
Fighting       | |  3.6
Armour         | |  3.6
Shields        | |  3.6

Action                   |  1- 3 |  4- 6 || total
-------------------------+-------+-------++-------
Melee: War axe           |    80 |    76 ||   156
       Headbutt          |     8 |     6 ||    14
  Eat: Chunk             |     2 |     5 ||     7
Armor: Scale mail        |    26 |    38 ||    64
Dodge: Dodged            |    12 |    17 ||    29
Block: Medium shield     |    41 |    24 ||    65
